 Dungeon Crawl Stone Soup version 0.17.2 (webtiles) character file.

11 Charly the Insei (level 2, -4/14 HPs)
             Began as a Vine Stalker Transmuter on July 13, 2016.
             Slain by a phantom (6 damage)
             ... on level 3 of the Dungeon.
             The game lasted 00:05:01 (345 turns).

Charly the Insei (Vine Stalker Transmuter)           Turns: 345, Time: 00:05:02

Health: -4/14      AC:  2    Str: 12    XL:     2   Next: 29%
Magic:  0/6        EV: 12    Int: 13    God:
Gold:   75         SH:  0    Dex: 14    Spells: 2 memorised, 2 levels left

rFire  . . .     SeeInvis .       - Unarmed
rCold  . . .     Clarity  .     b - +0 robe
rNeg   . . .     SustAt   .     (no shield)
rPois  .         Gourm    .     (no helmet)
rElec  .         Spirit   +     (no cloak)
rCorr  .         Warding  .     (no gloves)
rMut   .         Stasis   +     (no boots)
MR     .....                    e - amulet of stasis
Stlth  +.........               (no ring)
                                (no ring)

@: not resistant to hostile enchantments, very unstealthy
A: fangs 2, regeneration 1, magic shield, antimagic bite, no device heal 3, rot
immunity
a: no special abilities


You were on level 3 of the Dungeon.
You were not hungry.

You visited 1 branch of the dungeon, and saw 4 of its levels.

You collected 75 gold pieces.

Inventory:

Missiles
 a - 8 arrows
 h - 5 javelins (quivered)
Armour
 b - a +0 robe (worn)
Jewellery
 e - an amulet of stasis (around neck)
Scrolls
 f - a scroll of teleportation {unknown}
Potions
 g - a potion of cure mutation {unknown}
Books
 c - a book of Changes

   Spells                             Type                      Level
   a - Beastly Appendage              Transmutation                1
   b - Sticks to Snakes               Transmutation                2
   c - Spider Form                    Transmutation/Poison         3
   d - Ice Form                       Ice/Transmutation            4
   e - Blade Hands                    Transmutation                5
Comestibles
 d - 3 bread rations


   Skills:
 - Level 0.8 Fighting
 - Level 1.5 Dodging
 + Level 3.7 Unarmed Combat
 - Level 2.1 Spellcasting
 - Level 2.0 Transmutations


You had 2 spell levels left.
You knew the following spells:

 Your Spells              Type           Power        Failure   Level  Hunger
a - Beastly Appendage     Trmt           #.....       12%         1    ##.....
s - Sticks to Snakes      Trmt           #.........   17%         2    ###....


Dungeon Overview and Level Annotations

Branches:
Dungeon (4/15)
 Temple: D:4-7

Altars:


Innate Abilities, Weirdness & Mutations

You have extremely sharp teeth.
Your natural rate of healing is unusually fast.
When hurt, damage is shared between your health and your magic reserves.
Your bite disrupts and absorbs the magic of your enemies.
Potions and wands cannot restore your health.
You are immune to rotting.


Message History

The phantom is heavily damaged.
The phantom closely misses you.
You closely miss the phantom.
The phantom is heavily damaged.
The phantom hits you.
You closely miss the phantom. Your bite misses the phantom.
The phantom is heavily damaged.
The phantom misses you.
You closely miss the phantom. Your bite misses the phantom.
The phantom is heavily damaged.
The phantom hits you!
* * * LOW HITPOINT WARNING * * *
You hit the phantom. You bite the phantom, but do no damage.
The phantom is heavily damaged.
The phantom hits you.
* * * LOW HITPOINT WARNING * * *
You hit the phantom. You bite the phantom, but do no damage.
The phantom is heavily damaged.
The phantom hits you!
You die...

#### ## ..# . #.# ## ##
#. #.## #. .#
#.#######... .#
##.###.###.(......†..
#..#...........<#####...
#.........##.#.#####...
#.?..@W.(## #......(..
#.#.##.##.# #######.#.
#.##..# ...## #.###.#
###### #.# #.# # #.#
#.#.# # # #.###.#.#
##########
#.#.#...#.##.#.........
###......................


You could see a phantom.

Vanquished Creatures
  A worm (D:3)
  A quokka (D:2)
  2 bats (D:2)
  A giant newt (D:2)
  2 goblins
  A kobold (D:3)
  3 rats
11 creatures vanquished.

Notes
Turn   | Place    | Note
--------------------------------------------------------------
     0 | D:1      | Charly the Vine Stalker Transmuter began the quest for the Orb.
     0 | D:1      | Reached XP level 1. HP: 9/9 MP: 4/4
    50 | D:1      | You fall through a shaft!
   135 | D:2      | Reached XP level 2. HP: 12/14 MP: 3/6
   139 | D:2      | Learned a level 2 spell: Sticks to Snakes
   302 | D:4      | Noticed a scorpion
   327 | D:3      | Noticed a phantom
   345 | D:3      | Slain by a phantom

Action                   || total
-------------------------++-------
Melee: Unarmed           ||    46
Throw: Javelin           ||     2
 Cast: Sticks to Snakes  ||     4
  Eat: Royal jelly       ||     1
